 Dungeon Crawl Stone Soup version 0.23-a0-417-gf02c810 (webtiles) character file.

1 Amnesiac the Sneak (level 1, -1/9 HPs)
             Began as a Spriggan Enchanter on Nov 10, 2018.
             Was an Initiate of Ashenzari.
             Hit by a goblin thrown by Robin (3 damage)
             ... on level 2 of the Dungeon.
             The game lasted 00:01:39 (187 turns).

Amnesiac the Sneak (Spriggan Enchanter)              Turns: 187, Time: 00:01:40

Health: -1/9       AC:  2    Str:  4    XL:     1   Next: 16%
Magic:  5/5        EV: 18    Int: 16    God:    Ashenzari [......]
Gold:   0          SH:  0    Dex: 16    Spells: 5/5 levels left

rFire    . . .     SeeInvis +   a - +1 dagger
rCold    . . .     Gourm    .   (shield restricted)
rNeg     . . .     Faith    .   b - +0 robe
rPois    .         Spirit   .   (helmet restricted)
rElec    .         Reflect  .   (no cloak)
rCorr    .         Harm     .   (gloves unavailable)
MR       .....                  (boots unavailable)
Stlth    +++.......             (no amulet)
HPRegen  0.03/turn              (no ring)
MPRegen  0.09/turn              (no ring)

@: very quick
A: very small, unfitting armour, see invisible, herbivore, speed 3, slow
metabolism 2
a: Curse Item, Renounce Religion


You were on level 2 of the Dungeon.
You worshipped Ashenzari.
Ashenzari was noncommittal.
You were not hungry.

You visited 1 branch of the dungeon, and saw 3 of its levels.

Inventory:

Hand Weapons
 a - a +1 dagger (weapon)
Armour
 b - a +0 robe (worn)
Scrolls
 e - a scroll of amnesia {!r}
 f - a scroll of random uselessness {!r, unknown}
 g - a scroll of identify {!r, unknown}
 h - a scroll of fog {!r, unknown}
Potions
 c - a potion of brilliance {!q, unknown}
Comestibles
 d - 2 rations


   Skills:
 + Level 1.1 Short Blades
 + Level 3.0 Dodging
 + Level 4.4 Stealth
 + Level 2.7 Spellcasting
   Level 3.6 Hexes


You had 5 spell levels left.
You didn't know any spells.
Your spell library contained the following spells:

 Spells                   Type           Power        Failure   Level  Hunger
 Corona                   Hex            ##.....      4%          1    #......
 Confuse                  Hex            ##......     13%         3    ###....
 Tukima's Dance           Hex            ##......     13%         3    ###....
 Ensorcelled Hibernation  Hex/Ice        #.....       14%         2    ##.....
 Dazzling Spray           Conj/Hex       #.....       26%         3    ###....


Dungeon Overview and Level Annotations

Branches:
Dungeon (3/15)

Altars:
Ashenzari
Nemelex Xobeh

Annotations:
D:2 Robin


Innate Abilities, Weirdness & Mutations

You are very small and have problems with some larger weapons.
You are too small for most types of armour.
You have supernaturally acute eyesight. (SInv)
You are a herbivore.
You cover ground extremely quickly.
You need to consume almost no food.


Message History

You see here a stone.
You see here a scroll labeled SIZUHA JAJUENIURU {!r}.
f - a scroll labeled SIZUHA JAJUENIURU {!r} The giant cockroach misses you.
A quokka comes into view.
A hobgoblin comes into view. It is wielding a +0 club.
An adder comes into view.
Found a ration.
The hobgoblin shouts!
The adder hisses angrily.
You open the door. The hobgoblin closely misses you.
Found 14 gold pieces.
There is an open door here.
A bat comes into view.
There is a shattered altar of Ashenzari here.
You kneel at the altar of Ashenzari.
Ashenzari welcomes you!
You can now curse your items.
The adder completely misses you. The goblin closely misses you.
You open the door.
A quokka comes into view.
The adder misses you.
There is an open door here.
You open the door.
Found a scroll labeled YSAAGI WITZIFF and 19 sling bullets.
There is an open door here.
There are no items here.
You see here a scroll labeled YSAAGI WITZIFF {!r}.
g - a scroll labeled YSAAGI WITZIFF {!r} The bat barely misses you.
The adder misses you. The giant cockroach misses you.
The bat completely misses you.
Found a stone staircase leading down.
A bat comes into view.
There is a stone staircase leading down here.
You climb downwards.
Found an uncursed flail of protection.
Found a stone staircase leading up.
There is a stone staircase leading up here.
There is a stone staircase leading up here.
You climb upwards.
Level annotation: Robin An ogre comes into view.
It is wielding a +0 giant club.
There is a stone staircase leading down here.
The ogre closely misses you.
The goblin shouts!
Robin roars a battlecry!
The goblins go into a battle-frenzy!
The goblin shouts!
You hear a shout! x2
The goblin shouts!
The goblin shoots a stone.
The stone misses you. Robin throws the goblin at you!
You see here a stone.
You see here a scroll labeled ELEDOE NIPO {!r}.
h - a scroll labeled ELEDOE NIPO {!r} The goblin shoots a stone.
The stone closely misses you. Robin throws the goblin at you!
The goblin closely misses you.
You barely miss the goblin.
The goblin shoots a stone.
The stone misses you. The goblin hits you but does no damage.
The goblin hits you.
* * * LOW HITPOINT WARNING * * *
The goblin misses you.
Robin flexes a bicep menacingly.
Robin throws the goblin at you!
You die...

.... #......'.gg..sg...
...####......#######g.##
#.......g..(# ### #..#
#..........g#######..#
#........g.........s###
#......g..g............
#.......g.gr.....#.####
#................+..#..
#.....@g.g...#...#..#.#
#....g..(g(..#g..#.r#.#
###########g.#...##.#.#
#..#...##.#.#
#......O....#
##########..# #.># ####


You could see Robin, a quokka, 2 hobgoblins and 9 goblins.

Vanquished Creatures
  2 rats (D:1)
2 creatures vanquished.

Notes
Turn   | Place    | Note
-------+----------+-------------------------------------------
     0 | D:1      | Amnesiac the Spriggan Enchanter began the quest for the
                  | Orb.
     0 | D:1      | Reached XP level 1. HP: 9/9 MP: 5/5
   112 | D:2      | Found a sparkling altar of Nemelex Xobeh.
   117 | D:2      | Noticed Robin
   118 | D:2      | Found a shattered altar of Ashenzari.
   138 | D:2      | Became a worshipper of Ashenzari the Shackled
   170 | D:2      | Noticed an ogre
   187 | D:2      | Hit by a goblin thrown by Robin

Vault maps used:
D:1:      dpeg_arrival_orchard
D:2:      old_standard_altar, lemuel_zombie_altar_kikubaaqudgha,
          overflow_temple_1_default, lemuel_doored_altar, lemuel_round_altar,
          uniq_robin
D:3:      vehumet_crystals, lemuel_crystal_altar

Action                   || total
-------------------------++-------
Melee: Dagger            ||     6
  Use: Scroll            ||     1
 Stab: Sleeping          ||     1
Armor: Robe              ||     2
Dodge: Dodged            ||    29

Table legend:
 A = Non-vault XP
 B = Vault XP
 C = Vault XP percentage of total XP
 D = Non-vault monster count
 E = Vault monster count
 F = Vault count percentage of total count
                 A         B        C        D         E       F
            +---------+---------+-------+---------+---------+-------
      Total |       2 |       0 |   0.0 |       2 |       0 |   0.0
            +---------+---------+-------+---------+---------+-------
        D:1 |       2 |       0 |   0.0 |       2 |       0 |   0.0
            +---------+---------+-------+---------+---------+-------
